AoeStats
← NDF

Arabia

505356386Analyzed
1v1 RM · 23d ago on Sep 9, 2026· 53m 53s· 2 players
Game mode
Random Map
Map size
Tiny (2 player)
Population
200
Speed
Normal
Resources
Standard
Victory
Conquest
Starting age
Dark Age
Ending age
Imperial Age
RankedLock teamsTeams togetherTeam positionsShared explorationLock speedFull tech treeHidden civsTurbo modeCheats
Victory
Defeat
🇩🇪 Britons · Germany
374
+22
🇦🇷 Teutons · Argentina
513
-22
dgt;.
10:09 Feudal Age
10:31 Man-at-Arms
24:46 Castle Age
26:38 Horse Collar
27:27 Double-Bit Axe
27:41 Crossbowman
32:17 Wheelbarrow
31:43 Elite Skirmisher
32:36 Fletching
34:46 Pikeman
35:27 Squires
37:43 Padded Archer Armor
37:39 Bodkin Arrow
41:01 Husbandry
45:08 Imperial Age
43:37 Yeomen
43:56 Gold Mining
45:50 Capped Ram
47:05 Heated Shot
47:37 Bow Saw
48:12 Arson
49:21 Cavalier
50:45 Ballistics
51:26 Chemistry
NDF
2:53 Loom
12:32 Feudal Age
13:17 Man-at-Arms
26:37 Castle Age
26:11 Padded Archer Armor
25:55 Horse Collar
26:04 Double-Bit Axe
29:06 Crossbowman
30:33 Bow Saw
30:17 Gold Mining
30:19 Stone Mining
34:24 Stone Shaft Mining
37:54 Elite Skirmisher
41:00 Heavy Plow
41:24 Fletching
44:13 Masonry
49:37 Imperial Age
51:04 Cavalier
54:07 Crop Rotation
Connection lost

Rejoining the realm…

Still unreachable

The connection could not be restored.

Session expired

The server has moved on; the page needs a fresh start.